Map: Symulakrum ER

Players

kers - Winner!

  • Race: Protoss Protoss
  • League: Platinum
  • Spawn Location: 11:00

Cute

  • Race: Protoss Protoss
  • League: Silver
  • Spawn Location: 5:00

VOD

Have the link to the VOD?

Description

Time

  • Played on: March 2, 2020, 2:42 p.m.
  • Length: 12:33
Show
View Real Time Build Order
Export as new Build Order

kers Protoss - Winner!

Build Orders: Archon Immortal 

Get SALT Encoding   

  12  0:00  Probe  
  13  0:12  Probe  
  14  0:18  Pylon  
  14  0:24  Probe  
  15  0:37  Probe  
  15  0:39  Gateway  
  16  0:48  Assimilator  
  16  0:49  Probe (Chrono Boost)  
  17  1:01  Probe (Chrono Boost)  
  18  1:08  Probe (Chrono Boost)  
  19  1:15  Probe  
  20  1:27  Probe  
  20  1:31  Cybernetics Core  
  21  1:41  Probe  
  21  1:44  Gateway  
  22  1:53  Probe  
  23  1:54  Pylon  
  23  2:12  Probe, Adept  
  23  2:13  Warp Gate (Chrono Boost)  
  26  2:25  Probe  
  27  2:32  Stalker  
  27  2:37  Probe  
  30  2:39  Assimilator  
  30  2:41  Nexus  
  30  2:42  Pylon  
  30  2:49  Probe  
  31  3:00  Pylon, Stalker  
  31  3:01  Probe  
  34  3:06  Sentry  
  36  3:14  Probe  
  37  3:21  Robotics Facility  
  37  3:26  Probe  
  38  3:30  Forge  
  38  3:38  Probe  
  39  3:52  Assimilator  
  39  3:53  Assimilator  
  39  3:55  Probe x2  
  41  4:01  Sentry  
  41  4:02  Zealot  
  45  4:04  Protoss Ground Weapons Level 1 (Chrono Boost)  
  45  4:07  Probe x2  
  47  4:12  Observer (Chrono Boost)  
  48  4:19  Probe x2  
  50  4:28  Stalker  
  52  4:31  Probe x2  
  52  4:35  Observer (Chrono Boost)  
  52  4:36  Gateway  
  55  4:43  Probe x2  
  57  4:46  Pylon  
  57  4:48  Pylon  
  57  4:51  Sentry  
  59  4:55  Probe x2  
  61  5:07  Probe  
  61  5:08  Probe  
  61  5:10  Twilight Council  
  61  5:13  Stalker  
  65  5:20  Probe x2  
  67  5:24  Immortal (Chrono Boost)  
  71  5:32  Probe x2  
  73  5:44  Probe x2  
  73  5:46  Pylon  
  73  5:48  Pylon  
  75  5:50  Pylon, Stalker  
  75  5:54  Charge  
  75  5:56  Probe  
  78  5:57  Templar Archives  
  78  6:04  Probe, Pylon  
  78  6:08  Probe  
  78  6:10  Protoss Ground Armor Level 1 (Chrono Boost)  
  80  6:16  Probe  
  81  6:20  Probe, Immortal (Chrono Boost)  
  86  6:28  Probe  
  86  6:32  Probe  
  88  6:38  High Templar x2  
  92  6:40  Probe  
  92  6:41  Nexus  
  92  6:42  Pylon  
  92  6:44  Probe, Archon  
  94  6:53  Probe, Observer (Chrono Boost)  
  96  6:56  Probe  
  96  6:58  Gateway  
  96  6:59  Gateway  
  97  7:03  Gateway  
  97  7:05  Gateway  
  97  7:08  Gateway  
  97  7:09  Photon Cannon  
  97  7:11  Photon Cannon  
  97  7:12  Pylon  
  98  7:15  Probe x2  
  98  7:22  High Templar x2  
  101  7:26  Archon  
  101  7:27  Probe  
  101  7:28  Probe  
  105  7:40  Probe x2  
  107  7:52  Assimilator  
  107  7:54  Assimilator  
  107  7:58  Probe x3  
  110  8:00  High Templar x4  
  118  8:06  Archon x2  
  118  8:10  Probe x3  
  121  8:24  Pylon  
  121  8:26  Pylon  
  121  8:27  Pylon x2  
  121  8:30  Stargate x2  
  121  8:31  Immortal (Chrono Boost), Zealot x4  
  133  8:48  High Templar  
  133  8:52  High Templar  
  137  8:56  Archon  
  137  9:00  Zealot x3  
  137  9:01  Zealot x2  
  147  9:03  Immortal  
  151  9:21  Nexus  
  151  9:22  Pylon  
  151  9:25  High Templar x2  
  151  9:26  Pylon  
  151  9:28  Zealot x4  
  151  9:30  Archon  
  163  9:47  Fleet Beacon  
  163  9:50  Photon Cannon  
  163  9:51  Photon Cannon  
  163  9:53  Photon Cannon  
  163  10:01  Photon Cannon  
  163  10:05  Photon Cannon  
  163  10:06  Shield Battery  
  163  10:07  Photon Cannon  
  163  10:08  Photon Cannon  
  163  10:10  Photon Cannon  
  163  10:14  High Templar x2, Photon Cannon  
  163  10:16  Shield Battery  
  163  10:18  High Templar x2  
  163  10:19  Archon  
  163  10:20  Shield Battery  
  171  10:27  Gateway  
  171  10:29  Gateway, Immortal  
  171  10:30  Gateway  
  175  10:41  Assimilator  
  175  10:44  High Templar x2  
  175  10:45  Archon  
  175  10:46  Assimilator  
  175  10:48  Archon  
  179  11:04  Probe  
  179  11:05  Probe x3  
  191  11:21  High Templar  
  191  11:23  Zealot x3  
Show
View Real Time Build Order
Export as new Build Order

Cute Protoss 

Build Orders:  

Get SALT Encoding   

  12  0:02  Probe (Chrono Boost)  
  13  0:12  Probe (Chrono Boost)  
  14  0:18  Pylon  
  14  0:21  Probe  
  15  0:36  Probe  
  15  0:39  Gateway  
  16  0:48  Probe  
  17  0:58  Forge  
  17  1:00  Probe  
  18  1:08  Pylon  
  18  1:26  Gateway  
  18  1:34  Zealot  
  18  1:39  Cybernetics Core  
  20  1:43  Probe (Chrono Boost), Pylon  
  21  1:53  Probe (Chrono Boost)  
  22  1:55  Assimilator  
  22  1:58  Probe (Chrono Boost)  
  22  2:00  Assimilator  
  23  2:09  Probe, Zealot  
  26  2:20  Gateway  
  26  2:32  Gateway  
  26  2:38  Pylon  
  26  2:43  Zealot  
  28  2:57  Probe  
  29  3:04  Robotics Facility  
  29  3:09  Probe (Chrono Boost)  
  31  3:21  Probe (Chrono Boost)  
  31  3:26  Probe (Chrono Boost)  
  31  3:33  Warp Gate (Chrono Boost)  
  32  3:35  Probe  
  33  3:47  Probe  
  34  3:50  Nexus  
  34  3:53  Observer  
  35  4:04  Gateway  
  35  4:11  Assimilator  
  35  4:14  Observer  
  35  4:15  Assimilator  
  36  4:36  Zealot, Observer  
  36  4:37  Zealot  
  41  4:46  Probe  
  42  4:58  Probe  
  43  5:00  Gateway  
  43  5:04  Pylon  
  43  5:10  Probe  
  44  5:22  Probe, Twilight Council  
  45  5:34  Probe  
  46  5:48  Probe  
  47  5:52  Probe  
  48  6:01  Probe, Gateway  
  48  6:04  Probe  
  50  6:06  Blink  
  50  6:13  Probe  
  50  6:16  Probe  
  52  6:25  Probe  
  53  6:28  Probe  
  54  6:37  Probe  
  55  6:40  Probe  
  56  6:49  Probe  
  56  6:52  Probe  
  58  6:55  Sentry, Stalker  
  58  6:56  Sentry  
  58  6:57  Stalker  
  58  6:58  Stalker  
  58  6:59  Stalker  
  70  7:12  Pylon  
  70  7:13  Pylon  
  70  7:16  Pylon  
  70  7:29  Nexus  
  70  7:30  Probe x2  
  70  7:36  Gateway  
  72  7:37  Gateway  
  72  7:40  Gateway  
  72  7:41  Gateway  
  72  7:42  Probe  
  72  7:54  Probe  
  73  7:58  Stalker  
  73  7:59  Stalker  
  73  8:00  Stalker x2  
  73  8:02  Zealot  
  83  8:10  Stalker  
  85  8:17  Immortal  
  89  8:23  Protoss Ground Weapons Level 1  
  89  8:33  Forge  
  89  8:35  Stalker  
  89  8:37  Zealot  
  89  8:41  Zealot  
  95  8:48  Pylon  
  95  9:00  Probe  
  96  9:05  Assimilator  
  96  9:08  Assimilator  
  96  9:12  Probe  
  97  9:24  Probe  
  98  9:36  Probe  
  95  9:48  Probe  
  96  9:53  Immortal  
  100  10:00  Probe  
  101  10:11  Zealot  
  101  10:12  Probe, Zealot x2  
  101  10:13  Zealot, Stalker  
  112  10:14  Stalker  
  112  10:15  Stalker  
  112  10:19  Pylon  
  116  10:25  Probe  
  117  10:34  Forge  
  117  10:35  Charge  
  117  10:37  Immortal  
  121  10:48  Templar Archives  
  121  11:05  Stalker  
  121  11:06  Stalker  
  125  11:12  Robotics Facility  
  125  11:16  Robotics Facility  
  125  11:17  Pylon  
  125  11:18  Pylon  
  125  11:20  Pylon  
  125  11:35  Immortal  
  128  11:49  Stalker x3  
  128  11:50  Stalker x2  
  128  11:51  Stalker  
  128  11:52  Stalker x2  
  128  11:53  Stalker  
  146  11:54  Stalker  
  99  12:20  Stalker x3  
  99  12:21  Stalker x3  
  99  12:22  Stalker x2  
  78  12:23  Stalker  
Tags
 
Composition
Archon Immortal
Matchup
PvP
Spawn Locations
Cross Positions
Add a new tag
Caveats
  • Supply blocks, unpowered buildings, or Contaminate may cause inaccurate times.
  • Supply counts are checked every 10 seconds.